 Dungeon Crawl Stone Soup version 0.30-a0-222-ge547ba4400 (webtiles) character file.

Game seed: 6045926257074348477

3908 Decritt the Magician (level 10, -2/79 HPs)
             Began as a Gnoll Warper on Oct 8, 2022.
             Was an Initiate of Cheibriados.
             Slain by a two-headed ogre
             ... wielding a +0 giant spiked club
              (32 damage)
             ... on level 7 of the Dungeon.
             The game lasted 00:27:54 (7466 turns).

Decritt the Magician (Gnoll Warper)                 Turns: 7466, Time: 00:27:55

Health: -2/79      AC: 10    Str: 24    XL:     10   Next: 20%
Magic:  18/21      EV: 16    Int: 21    God:    Cheibriados [......]
Gold:   296        SH:  0    Dex: 25    Spells: 15/23 levels left

rFire   . . .      SeeInvis .    o - +5 whip "Newtbane" {freeze, Will+ rCorr Str+3}
rCold   . . .      Faith    .    (no shield)
rNeg    . . .      Spirit   .    i - +0 scale mail
rPois   +          Reflect  .    H - +0 helmet "Viceomumn" {Contam Str+6 Int+7}
rElec   .          Harm     .    d - +0 cloak {rPois}
rCorr   +          Rampage  .    (no gloves)
Will    +....                    (no boots)
Stlth   ++........               l - amulet of regeneration
HPRegen 1.13/turn                k - +6 ring of dexterity
MPRegen 0.17/turn                w - +6 ring of dexterity

@: studying Maces & Flails, very slow
A: fangs 1, strong nose, distributed training
a: Renounce Religion


You were on level 7 of the Dungeon.
You worshipped Cheibriados.
Cheibriados was noncommittal.
You visited 2 branches of the dungeon, and saw 8 of its levels.
You also visited: Ossuary.

You collected 457 gold pieces.
You spent 161 gold pieces at shops.

Inventory:

Hand Weapons
 a - a +0 spear
 e - a +3 quarterstaff of flaming
 o - the +5 whip "Newtbane" (weapon) {freeze, Will+ rCorr Str+3}
   (You found it on level 2 of the Dungeon)

   It freezes those it strikes, dealing additional cold damage.
   It can also slow down cold-blooded creatures.
   Str:       It affects your strength (+3).
   rCorr:     It protects you from acid and corrosion.
   Will:      It increases your willpower.
Missiles
 y - 9 poisoned darts
Armour
 b - a +0 leather armour
 d - a +0 cloak of poison resistance (worn)
 i - a +0 scale mail (worn)
 H - the +0 helmet "Viceomumn" (worn) {Contam Str+6 Int+7}
   (You bought it in a shop on level 1 of the Dungeon)

   Str:       It affects your strength (+6).
   Int:       It affects your intelligence (+7).
   Contam:    It causes magical contamination when unequipped.
Jewellery
 k - a +6 ring of dexterity (left hand)
 l - an amulet of regeneration (around neck)
 p - a ring of willpower
 w - a +6 ring of dexterity (right hand)
 C - a ring of protection from fire
Wands
 g - a wand of mindburst (6)
 q - a wand of roots (11)
 u - a wand of charming (22)
Scrolls
 m - a scroll of poison
 z - a scroll of enchant weapon
 F - a scroll of teleportation
Potions
 c - 2 potions of haste {unknown}
 f - 2 potions of flight
 h - a potion of magic {unknown}
 j - 3 potions of heal wounds
 n - 3 potions of ambrosia
 r - 3 potions of brilliance {unknown}
 s - 3 potions of attraction
 t - 2 potions of curing
 v - 2 potions of resistance
 x - a potion of lignification
 B - a potion of cancellation {unknown}
 I - 2 potions of degeneration {unknown}
 K - 2 potions of mutation {unknown}


   Skills:
 + Level 7.0 Fighting
 + Level 5.2 Short Blades
 + Level 5.2 Long Blades
 + Level 5.2 Axes
 + Level 6.0 Maces & Flails
 + Level 7.0 Polearms
 + Level 5.2 Staves
 + Level 5.2 Ranged Weapons
 + Level 5.9 Throwing
 + Level 5.9 Armour
 + Level 7.0 Dodging
 + Level 5.2 Stealth
 + Level 5.2 Shields
 + Level 5.2 Unarmed Combat
 + Level 7.3 Spellcasting
 + Level 4.3 Conjurations
 + Level 4.3 Hexes
 + Level 4.3 Summonings
 + Level 4.3 Necromancy
 + Level 7.0 Translocations
 + Level 4.3 Transmutations
 + Level 4.3 Fire Magic
 + Level 4.3 Ice Magic
 + Level 4.3 Air Magic
 + Level 4.3 Earth Magic
 + Level 4.3 Poison Magic
 + Level 5.7 Invocations
 + Level 5.2 Evocations


You had 15 spell levels left.
You knew the following spells:

 Your Spells              Type           Power      Damage    Failure   Level
a - Blink                 Tloc           74%        N/A       1%          2
b - Teleport Other        Tloc           37%        N/A       3%          3
c - Lesser Beckoning      Tloc           74%        N/A       3%          3

Your spell library contained the following spells:

 Spells                   Type           Power      Damage    Failure   Level
 Sting                    Tmut/Pois      100%       1d8       3%          1
 Vhi's Electric Charge    Tloc/Air       62%        N/A       5%          3
 Manifold Assault         Tloc           37%        N/A       11%         4


Dungeon Overview and Level Annotations

Branches:
Dungeon (7/15)             Temple (1/1) D:6         Ossuary (visited)

Altars:
Cheibriados
Dithmenos
Gozag
Hepliaklqana
Kikubaaqudgha
Makhleb
Nemelex Xobeh
Ru
Sif Muna
Vehumet
Wu Jian
Yredelemnul
Zin
The Shining One

Shops:
D:1 [   D:6 *


Innate Abilities, Weirdness & Mutations

You have very sharp teeth.
Your uncanny sense of smell can sniff out nearby items.
Your experience applies equally to all skills.


Message History

The two-headed ogre is lightly wounded.
The two-headed ogre hits you with a +0 giant spiked club!!
The two-headed ogre hits you with a +0 giant club.
You hear an angry buzzing noise.
You hit the two-headed ogre. You freeze the two-headed ogre.
The two-headed ogre is lightly wounded.
Casting: Teleport Other (dangerous; 3% risk of failure)
Confirm with . or Enter, or press ? or * to list all spells.
You blink.
Found a scroll of identify.
You feel stable enough to blink again. The two-headed ogre misses you.
The two-headed ogre hits you with a +0 giant club!
You hit the two-headed ogre but do no damage.
The two-headed ogre is moderately wounded.
You hit the two-headed ogre. You freeze the two-headed ogre.
The two-headed ogre is heavily wounded.
The two-headed ogre hits you with a +0 giant spiked club!!
* * * LOW HITPOINT WARNING * * *
The two-headed ogre hits you with a +0 giant club!
* * * LOW HITPOINT WARNING * * *
You hear an angry buzzing noise.
Casting: Blink (safe; 1% risk of failure)
Confirm with . or Enter, or press ? or * to list all spells.
You blink.
Okay, then.
You feel stable enough to blink again.
Casting: Blink (safe; 1% risk of failure)
Confirm with . or Enter, or press ? or * to list all spells.
You blink.
The two-headed ogre hits you but does no damage.
The two-headed ogre barely misses you.
You feel better.
You feel stable enough to blink again.
The two-headed ogre hits you but does no damage.
The two-headed ogre closely misses you.
You barely miss the two-headed ogre. You punch the two-headed ogre.
The two-headed ogre is severely wounded.
The two-headed ogre hits you with a +0 giant spiked club!!
You die...

#⌠⌠# ##__# ### #8..# **** #.##
##''# **,,****** ### ##..# ##..##
*,,,,**,,** ##.#####...# #....#
*,,,,,,,,,* ##..........## #...##
*,,,,,,,,** #...O........###...##
*,,,,,,,** ###.@........##..#...
,,,,,,,,**** #....#.....##..##..
,,,,,,,,,,,*###.....#...))#..###.
**,,,,,,,,,,................####†
**,***,****#.#####.###..#####...
**,,*,**,** #.* *##..#..##.#....
,,,,**,**,**#,####?.#.#.........#
,,,,,,*,*,,,,,,..##.#.....###...#
,,,,*,**,****,**#.###.#...#*#....


You could see a two-headed ogre (poisoned).

Vanquished Creatures
  A cyclops (D:6)
  Joseph (D:7)
  An unseen horror (D:6)
  A kobold demonologist (D:6)
  A polar bear (D:6)
  A hornet (D:7)
  4 yaks (D:6)
  A sky beast (D:6)
  A black bear (D:6)
  An ogre (D:6)
  A centaur (D:4)
  A necrophage (D:4)
  A bullfrog (D:7)
  2 scorpions (D:5)
  4 howler monkeys (D:7)
  2 hounds
  6 orc priests
  A gnoll bouda (D:4)
  Crazy Yiuf (D:5)
  An iron imp (D:6)
  Jessica (D:2)
  Ijyb (D:5)
  Natasha (thrice) (D:2)
  2 iguanas
  An orc wizard (D:7)
  8 mummies (Ossuary)
  14 gnolls
  8 adders
  A shadow imp (D:6)
  3 ufetubi
  3 worms
  5 dart slugs
  19 orcs
  8 endoplasms
  2 giant cockroaches (D:1)
  3 gnoll zombies (Ossuary)
  4 goblins
  3 hobgoblins (D:1)
  5 quokkas
  10 ball pythons
  6 bats
  3 frilled lizards
  A hobgoblin zombie (Ossuary)
  7 kobolds
  2 kobold zombies (Ossuary)
  2 orc zombies (Ossuary)
  6 rats
164 creatures vanquished.

Vanquished Creatures (collateral kills)
  2 orcs (D:5)
2 creatures vanquished.

Vanquished Creatures (others)
  2 orc priests (D:5)
  A scorpion zombie (D:5)
  An adder (D:5)
  A fungus (D:1)
  3 plants (D:1)
8 creatures vanquished.

Grand Total: 174 creatures vanquished

Notes
Turn   | Place    | Note
-------+----------+-------------------------------------------
     0 | D:1      | Decritt the Gnoll Warper began the quest for the Orb.
     0 | D:1      | Reached XP level 1. HP: 20/20 MP: 6/6
    97 | D:1      | Reached XP level 2. HP: 9/26 MP: 7/7
   574 | D:1      | Found Caupirat's Antique Armour Shoppe.
   648 | D:1      | Found a faded altar of an unknown god.
   662 | D:1      | Got Plato's Excursus on the Spider
   760 | D:1      | Reached skill level 5 in Spellcasting
   760 | D:1      | Reached XP level 3. HP: 25/31 MP: 7/9
  1119 | D:2      | Noticed Jessica
  1309 | D:2      | Reached skill level 1 in Invocations
  1315 | D:2      | Identified the +5 whip "Newtbane" {freeze, Will+ rCorr
                  | Str+3}
  1336 | D:2      | Noticed Natasha
  1350 | D:2      | Killed Natasha
  1351 | D:2      | Reached skill level 1 in Short Blades
  1351 | D:2      | Reached skill level 1 in Long Blades
  1351 | D:2      | Reached skill level 1 in Axes
  1351 | D:2      | Reached skill level 1 in Maces & Flails
  1351 | D:2      | Reached skill level 1 in Staves
  1351 | D:2      | Reached skill level 1 in Ranged Weapons
  1351 | D:2      | Reached skill level 1 in Stealth
  1351 | D:2      | Reached skill level 1 in Shields
  1351 | D:2      | Reached skill level 1 in Unarmed Combat
  1351 | D:2      | Reached skill level 1 in Evocations
  1351 | D:2      | Reached XP level 4. HP: 38/38 MP: 11/11
  1452 | D:2      | Noticed Natasha
  1458 | D:2      | Killed Natasha
  1459 | D:2      | Reached skill level 1 in Conjurations
  1459 | D:2      | Reached skill level 1 in Hexes
  1459 | D:2      | Reached skill level 1 in Summonings
  1459 | D:2      | Reached skill level 1 in Necromancy
  1459 | D:2      | Reached skill level 1 in Transmutations
  1459 | D:2      | Reached skill level 1 in Fire Magic
  1459 | D:2      | Reached skill level 1 in Ice Magic
  1459 | D:2      | Reached skill level 1 in Air Magic
  1459 | D:2      | Reached skill level 1 in Earth Magic
  1459 | D:2      | Reached skill level 1 in Poison Magic
  1500 | D:2      | Noticed Natasha
  1509 | D:2      | Killed Natasha
  1510 | D:2      | Reached XP level 5. HP: 35/43 MP: 12/12
  1801 | D:2      | Killed Jessica
  2336 | D:3      | Reached XP level 6. HP: 50/50 MP: 13/13
  2348 | D:3      | Reached skill level 5 in Fighting
  2348 | D:3      | Reached skill level 5 in Polearms
  2348 | D:3      | Reached skill level 5 in Dodging
  3164 | D:4      | Found a burning altar of Makhleb.
  3353 | D:3      | Learned a level 2 spell: Blink
  3546 | D:4      | Reached XP level 7. HP: 56/56 MP: 15/15
  3631 | D:4      | Found a hazy altar of Hepliaklqana.
  4194 | D:5      | Entered Level 5 of the Dungeon
  4298 | D:5      | Found a runed translucent door.
  4299 | D:5      | Noticed Crazy Yiuf
  4311 | D:5      | Killed Crazy Yiuf
  4824 | D:5      | Reached XP level 8. HP: 19/59 MP: 16/16
  5319 | D:5      | Noticed Ijyb
  5324 | D:5      | Killed Ijyb
  5465 | D:6      | Found a staircase to the Ecumenical Temple.
  5475 | Temple   | Entered the Ecumenical Temple
  5664 | D:6      | Noticed a yak
  5683 | D:6      | Found Gijifyev's General Store.
  5762 | D:6      | Noticed a yak
  5764 | D:6      | Noticed a yak
  5764 | D:6      | Noticed a yak
  5764 | D:6      | Noticed a yak
  5773 | D:6      | Killed a yak
  5784 | D:6      | Killed a yak
  5789 | D:6      | Killed a yak
  5795 | D:6      | Killed a yak
  5799 | D:6      | a yak changed into a polar bear
  5799 | D:6      | Noticed a polar bear
  5810 | D:6      | Killed a polar bear
  5811 | D:6      | Reached XP level 9. HP: 28/69 MP: 18/18
  5885 | D:6      | Noticed a cyclops
  5886 | D:6      | Noticed a kobold demonologist
  5923 | D:6      | Killed an unseen horror
  5924 | D:6      | Reached skill level 5 in Throwing
  5924 | D:6      | Reached skill level 5 in Armour
  5924 | D:6      | Noticed a smoke demon
  5929 | D:6      | Noticed a rust devil
  5933 | D:6      | Killed a kobold demonologist
  5958 | D:6      | Found Wyloas's General Store.
  6029 | D:6      | Learned a level 3 spell: Teleport Other
  6033 | D:6      | Learned a level 3 spell: Lesser Beckoning
  6051 | D:6      | Found an ornate altar of the Wu Jian Council.
  6131 | D:6      | Reached skill level 5 in Invocations
  6427 | D:6      | Killed a cyclops
  6428 | D:6      | Reached skill level 5 in Maces & Flails
  6534 | D:6      | Found a snail-covered altar of Cheibriados.
  6543 | D:6      | Became a worshipper of Cheibriados the Contemplative
  6658 | D:1      | Bought a heavily runed helmet for 161 gold pieces
  6658 | D:1      | Identified the +0 helmet "Viceomumn" {Contam Str+6 Int+7}
                  | (You bought it in a shop on level 1 of the Dungeon)
  6785 | D:7      | Noticed Joseph
  6792 | D:7      | Noticed a hornet
  6800 | D:7      | Killed a hornet
  6813 | D:7      | Killed Joseph
  6814 | D:7      | Reached skill level 5 in Short Blades
  6814 | D:7      | Reached skill level 5 in Long Blades
  6814 | D:7      | Reached skill level 5 in Axes
  6814 | D:7      | Reached skill level 5 in Staves
  6814 | D:7      | Reached skill level 5 in Ranged Weapons
  6814 | D:7      | Reached skill level 5 in Stealth
  6814 | D:7      | Reached skill level 5 in Shields
  6814 | D:7      | Reached skill level 5 in Unarmed Combat
  6814 | D:7      | Reached skill level 5 in Evocations
  6814 | D:7      | Reached XP level 10. HP: 36/77 MP: 20/20
  6860 | D:7      | Found a sand-covered staircase.
  6877 | Ossuary  | Entered an ossuary
  7319 | D:7      | Noticed a boulder beetle
  7353 | D:7      | Found an ancient bone altar of Kikubaaqudgha.
  7353 | D:7      | Found a glowing silver altar of Zin.
  7440 | D:7      | Noticed a two-headed ogre
  7466 | D:7      | Slain by a two-headed ogre

Illustrated notes

Levels and vault maps discovered:
D:1:      wander_arrival_fairy_ring, layout_basic,
          shapermc_ecumenical_altar_rom_forum, serial_shops, shop
D:2:      layout_rooms, minivault_23, minmay_pentomino_o2, uniq_natasha,
          uniq_jessica
D:3:      layout_basic
D:4:      layout_rooms, mainiacjoe_overflow_large_starburst
D:5:      layout_basic, hangedman_abyss_or_decor_stabs, uniq_crazy_yiuf_cottage,
          uniq_ijyb
D:6:      layout_loops_ring, pdpol_wu_jian_five_deadly_venoms, slow_altar_2,
          minmay_temple_entry_trees, serial_shops, shop_statue,
          nicolae_shop_hallway_plus, minmay_manual_monolith
D:7:      minmay_the_grid_square_5x5_3x3
          [minmay_the_grid_square_5x5_fancy_junction,
          minmay_the_grid_square_5x5_forky, minmay_the_grid_square_5x5_longway,
          minmay_the_grid_square_5x5_bite,
          minmay_the_grid_square_5x5_megaprize_diamond,
          minmay_the_grid_square_5x5_plus, minmay_the_grid_square_5x5_tie,
          minmay_the_grid_square_5x5_comb, minmay_the_grid_square_5x5_n_small],
          layout_cave_pools, mainiacjoe_overflow_concentric_impassable,
          tgw_trog, gammafunk_temple_overflow_wave,
          lightli_ossuary_entry_decrepit_ruins, uniq_joseph
Temple:   nicolae_temple_godpark

Skill      XL: |  1  2  3  4  5  6  7  8  9 10 |
---------------+-------------------------------+-----
Spellcasting   | 5 6 7 |  7.3
Invocations    | 1 2 3 4 5 |  5.7
Short Blades   | 1 2 3 5 |  5.2
Long Blades    | 1 2 3 5 |  5.2
Axes           | 1 2 3 5 |  5.2
Maces & Flails | 1 2 3 5 6 |  6.0
Staves         | 1 2 3 5 |  5.2
Ranged Weapons | 1 2 3 5 |  5.2
Stealth        | 1 2 3 5 |  5.2
Shields        | 1 2 3 5 |  5.2
Unarmed Combat | 1 2 3 5 |  5.2
Evocations     | 1 2 3 5 |  5.2
Conjurations   | 1 2 3 4 |  4.3
Hexes          | 1 2 3 4 |  4.3
Summonings     | 1 2 3 4 |  4.3
Necromancy     | 1 2 3 4 |  4.3
Transmutations | 1 2 3 4 |  4.3
Fire Magic     | 1 2 3 4 |  4.3
Ice Magic      | 1 2 3 4 |  4.3
Air Magic      | 1 2 3 4 |  4.3
Earth Magic    | 1 2 3 4 |  4.3
Poison Magic   | 1 2 3 4 |  4.3
Throwing       | 3 4 5 |  5.9
Armour         | 3 4 5 |  5.9
Fighting       | 5 6 7 |  7.0
Polearms       | 5 6 7 |  7.0
Dodging        | 5 6 7 |  7.0
Translocations | 6 7 |  7.0

Action                   |  1- 3 |  4- 6 |  7- 9 | 10-12 || total
-------------------------+-------+-------+-------+-------++-------
Melee: Spear             |    93 |       |       |       ||    93
       Bite              |     5 |    14 |    39 |    19 ||    77
       Whip              |     4 |   150 |   113 |   107 ||   374
       Punch             |       |     5 |     5 |     7 ||    17
       Quarterstaff      |       |       |   140 |       ||   140
Throw: Boomerang         |     3 |     4 |       |       ||     7
       Dart              |       |     8 |    38 |    12 ||    58
 Cast: Blink             |       |       |       |     4 ||     4
       Teleport Other    |       |       |       |     2 ||     2
  Use: Scroll            |       |     1 |    14 |     6 ||    21
       Potion            |       |     1 |     5 |     1 ||     7
 Stab: Sleeping          |       |       |     1 |       ||     1
Armor: Scale mail        |    23 |    54 |    82 |    18 ||   177
       Leather armour    |     1 |       |       |       ||     1
Dodge: Dodged            |    40 |   102 |   156 |    46 ||   344

Table legend: (Time is in decaauts)
 A = Elapsed time spent in this place.
 B = Non-inter-level travel time spent in this place.
 C = Inter-level travel time spent in this place.
 D = Time resting spent in this place.
 E = Time spent auto-exploring this place.
 F = Levels seen in this place.
 G = Mean time per level.
                   A        B        C        D        E       F      G
               +--------+--------+--------+--------+--------+-----+--------+
         Total |   7577 |   7081 |    496 |   1653 |   3645 |   9 |  841.9 |
       Dungeon |   7015 |   6533 |    482 |   1523 |   3366 |   7 | 1002.1 |
        Temple |    158 |    144 |     14 |      0 |    135 |   1 |  158.0 |
       Ossuary |    403 |    403 |      0 |    130 |    143 |   1 |  403.0 |
               +--------+--------+--------+--------+--------+-----+--------+

Top non-repeatable levels by time:
     D:3: 1460 daAuts
     D:1: 1303 daAuts
     D:5: 1290 daAuts
     D:6: 1089 daAuts
     D:4: 926 daAuts
     D:2: 624 daAuts
 Ossuary: 403 daAuts
     D:7: 321 daAuts
  Temple: 158 daAuts
